 Dungeon Crawl Stone Soup version bcrawl-1.19.1 (webtiles) character file.

Game seed: 9567734818705734815

129 JackS81 the Cudgeler (level 4, -9/35 HPs)
             Began as a Demonspawn Chaos Knight on Nov 28, 2019.
             Was a Plaything of Xom.
             Killed by divine providence
             ... invoked by an orc priest
              (12 damage)
             ... on level 3 of the Dungeon.
             The game lasted 00:07:22 (1933 turns).

JackS81 the Cudgeler (Demonspawn Chaos Knight)      Turns: 1933, Time: 00:07:23

Health: -9/35      AC:  8    Str: 12    XL:     4   Next: 88%
Magic:  4/4        EV: 13    Int: 13    God:    Xom [....*.]
Gold:   111        SH:  0    Dex: 12    Spells: 3/3 levels left

rFire    . . .     SeeInvis .   a - +0 mace (chaos)
rCold    . . .     Gourm    .   (no shield)
rNeg     . . .     Faith    .   b - +2 leather armour
rPois    .         Spirit   .   (no helmet)
rElec    .         Reflect  .   (no cloak)
rCorr    +         Harm     .   (no gloves)
MR       +....                  j - +0 pair of boots
Stlth    +.........             (no amulet)
HPRegen  0.11/turn              k - +2 ring of evasion
MPRegen  0.09/turn              l - ring of resist corrosion

@: no status effects
A: talons 2, molten scales 1, clumsy 1, magic resistance 1
a: Renounce Religion


You were on level 3 of the Dungeon.
You worshipped Xom.
You were a beloved toy of Xom.
You were not hungry.

You visited 1 branch of the dungeon, and saw 3 of its levels.

You collected 111 gold pieces.

Inventory:

Hand Weapons
 a - a +0 mace of chaos (weapon)
Missiles
 d - 131 sling bullets
 h - 239 arrows
 i - 241 bolts
 o - 65 poisoned needles
Armour
 b - a +2 leather armour (worn)
 g - a +2 ring mail of poison resistance
 j - a +0 pair of boots (worn)
Jewellery
 k - a +2 ring of evasion (left hand)
 l - a ring of resist corrosion (right hand)
Wands
 e - a wand of scattershot (2)
Scrolls
 n - a scroll of immolation
Comestibles
 c - 3 rations {!d}
 m - 3 chunks of flesh


   Skills:
 - Level 3.0 Fighting
 * Level 5.1 Maces & Flails
 - Level 1.7 Armour
 - Level 0.8 Dodging


You had 3 spell levels left.
You didn't know any spells.
Your spell library was empty.

Dungeon Overview and Level Annotations

Branches:
Dungeon (3/12)

Altars:
Ashenzari


Innate Abilities, Weirdness & Mutations

You have razor-sharp toenails.
You are partially covered in molten scales. (AC +2)
You are clumsy. (Dex -2)
You are resistant to hostile enchantments. (MR+)


Message History

You hit the orc priest. You freeze the orc priest.
The orc priest is severely wounded.
The orc priest barely misses you.
Your white imp barely misses the orc priest.
Something hits your white imp but does no damage.
The orc priest misses you.
Your white imp hits the orc priest but does no damage.
You barely miss the orc priest.
The orc priest is severely wounded.
Something hits your white imp but does no damage.
The orc priest hits you but does no damage.
The hobgoblin hits your white imp with a +0 club.
Your white imp dies!
You hear a shout!
You hit the orc priest but do no damage.
The orc priest is severely wounded.
Something hits you but does no damage.
The orc priest mumbles some strange prayers to Beogh against you.
Beogh smites you!
You die...

................#
#####.#.##..##..#.#.
.................
.................
####.#.###.##.....
#.#.###.##.##..#
#........)......
#...###.##.##... #.
#.@)g......
#......o...##..
#...##.........# #..
......##... ##
.#..##.# # .#..# .#
. .... .. #### .


You could see an orc priest and a hobgoblin.

Vanquished Creatures
  An orc wizard (D:2)
  Jessica (D:2)
  An ooze (D:1)
  2 worms
  2 dart slugs (D:1)
  3 leopard geckos
  3 orcs
  3 giant cockroaches
  9 goblins
  8 hobgoblins
  9 kobolds
  2 ball pythons (D:2)
  3 bats
  2 frilled lizards
  2 rats
51 creatures vanquished.

Vanquished Creatures (collateral kills)
  An orc (D:3)
1 creature vanquished.

Grand Total: 52 creatures vanquished

Notes
Turn   | Place    | Note
-------+----------+-------------------------------------------
     0 | D:1      | JackS81 the Demonspawn Chaos Knight began the quest for the
                  | Orb.
     0 | D:1      | Reached XP level 1. HP: 18/18 MP: 1/1
    26 | D:1      | XOM: potion effect (berserk rage)
   126 | D:1      | Reached skill level 3 in Maces & Flails
   243 | D:1      | XOM: silly message
   289 | D:1      | Gained mutation: You are partially covered in molten
                  | scales. (AC +2) [demonic ancestry]
   289 | D:1      | Reached XP level 2. HP: 12/24 MP: 2/2
   473 | D:1      | XOM: smoke on damage
   675 | D:1      | Gained mutation: You have sharp toenails. [demonic
                  | ancestry]
   675 | D:1      | Reached XP level 3. HP: 29/29 MP: 3/3
   908 | D:2      | Reached skill level 4 in Maces & Flails
   990 | D:2      | Found a shattered altar of Ashenzari.
  1083 | D:2      | Noticed Jessica
  1086 | D:2      | XOM: divination: detect creatures
  1093 | D:2      | XOM: 1-stop teleportation journey
  1157 | D:2      | XOM: noise
  1163 | D:2      | XOM: potion effect (haste)
  1170 | D:2      | Gained mutation: You have razor-sharp toenails. [demonic
                  | ancestry]
  1170 | D:2      | Reached XP level 4. HP: 11/35 MP: 4/4
  1193 | D:2      | XOM: god gift: wand of scattershot (3)
  1195 | D:2      | Killed Jessica
  1252 | D:2      | Reached skill level 5 in Maces & Flails
  1375 | D:2      | XOM: god gift: glowing ring mail {god gift}
  1782 | D:3      | XOM: god gift: 115 arrows
  1826 | D:3      | XOM: 2-stop teleportation journey
  1922 | D:3      | XOM: summons friendly white imp
  1927 | D:3      | Gained mutation: You are clumsy. (Dex -2) [potion of
                  | mutation]
  1927 | D:3      | Gained mutation: You are resistant to hostile enchantments.
                  | (MR+) [potion of mutation]
  1933 | D:3      | Killed from afar by an orc priest

Skill      XL: |  1  2  3  4 |
---------------+-------------+-----
Maces & Flails | 3 4 5 |  5.1
Fighting       | |  3.0
Armour         | |  1.7
Dodging        | |  0.8

Action                   |  1- 3 |  4- 6 || total
-------------------------+-------+-------++-------
Melee: Mace              |   113 |    58 ||   171
Evoke: Wand              |       |     1 ||     1
  Use: Potion            |     3 |     1 ||     4
       Scroll            |       |     3 ||     3
 Stab: Petrifying        |     1 |       ||     1
       Sleeping          |       |     1 ||     1
  Eat: Chunk             |     1 |     2 ||     3
Armor: Leather armour    |    53 |     9 ||    62
Dodge: Dodged            |    63 |    36 ||    99
